Map: Hardwire LE

Players

Spanmeister

  • Race: Terran Terran

Nice - Winner!

  • Race: Protoss Protoss

Event: DreamHack SC2 Masters Last Chance 2022

VOD

Have the link to the VOD?

Description

Time

  • Played on: Dec. 15, 2021, 4:48 a.m.
  • Length: 3:58

All games in this series

Show
View Real Time Build Order
Export as new Build Order

Spanmeister Terran 

Build Orders:  

Get SALT Encoding   

  12  0:00  SCV  
  13  0:13  SCV  
  14  0:17  Supply Depot  
  14  0:25  SCV  
  15  0:38  SCV  
  15  0:39  Barracks  
  16  0:49  Supply Depot  
  16  1:01  Barracks  
  16  1:05  SCV  
  17  1:17  Barracks  
  17  1:27  Marine  
  18  1:33  Orbital Command  
  18  1:45  Marine  
  19  1:49  Marine  
  20  2:03  Marine  
  20  2:05  Supply Depot, Marine  
  20  2:07  Marine  
  23  2:20  Marine  
  24  2:23  Marine  
  24  2:25  Marine  
  26  2:38  Marine  
  26  2:41  Marine  
  26  2:43  Marine  
  29  2:56  Marine  
  30  2:58  Marine  
  30  3:01  Marine  
  32  3:14  Marine  
  33  3:26  Marine x2  
  32  3:32  Marine  
Show
View Real Time Build Order
Export as new Build Order

Nice Protoss - Winner!

Build Orders:  

Get SALT Encoding   

  12  0:00  Probe  
  13  0:12  Probe  
  14  0:18  Pylon  
  14  0:24  Probe (Chrono Boost)  
  15  0:37  Probe (Chrono Boost)  
  15  0:39  Gateway  
  16  0:45  Probe (Chrono Boost)  
  17  0:50  Assimilator  
  17  0:51  Probe  
  18  1:02  Assimilator  
  18  1:03  Probe  
  19  1:16  Probe  
  20  1:28  Probe  
  20  1:29  Cybernetics Core  
  21  1:33  Pylon  
  21  1:41  Probe  
  22  1:54  Probe  
  22  2:03  Adept (Chrono Boost)  
  22  2:05  Stargate  
  22  2:06  Probe  
  22  2:07  Shield Battery  
  25  2:11  Warp Gate  
  25  2:18  Shield Battery  
  25  2:25  Adept  
  25  2:29  Shield Battery  
  27  2:39  Void Ray (Chrono Boost)  
  27  2:42  Pylon  
  29  2:55  Adept  
  29  2:57  Shield Battery  
  31  3:05  Shield Battery  
  31  3:09  Pylon  

Tags
 
Add a new tag
Caveats
  • Supply blocks, unpowered buildings, or Contaminate may cause inaccurate times.
  • Supply counts are checked every 10 seconds.